 Dungeon Crawl Stone Soup version 0.29-a0-330-g52719c12eb (webtiles) character file.

Game seed: 16284637319354620758

16 dolemite99 the Twirler (level 2, -1/22 HPs)
             Began as a Demonspawn Gladiator on Apr 12, 2022.
             Was an Initiate of Gozag.
             Slain by Jessica
             ... wielding a +0 club
              (5 damage)
             ... on level 2 of the Dungeon.
             The game lasted 00:00:46 (1083 turns).

dolemite99 the Twirler (Demonspawn Gladiator)       Turns: 1083, Time: 00:00:47

Health: -1/22      AC:  4    Str: 14    XL:     2   Next: 41%
Magic:  2/2        EV: 12    Int:  9    God:    Gozag
Gold:   120        SH:  0    Dex: 14    Spells: 1/1 levels left

rFire   . . .      SeeInvis .   a - +0 quarterstaff
rCold   . . .      Faith    .   (shield currently unavailable)
rNeg    . . .      Spirit   .   b - +0 leather armour
rPois   .          Reflect  .   c - +0 helmet
rElec   .          Harm     .   (no cloak)
rCorr   .          Rampage  .   (no gloves)
Will    .....                   (no boots)
Stlth   +.........              (no amulet)
HPRegen 0.07/turn               (no ring)
MPRegen 0.08/turn               (no ring)

@: no status effects
A: claws 1
a: Renounce Religion, Potion Petition, Call Merchant, Bribe Branch


You were on level 2 of the Dungeon.
You worshipped Gozag.
Gozag was aware of your devotion.
You visited 1 branch of the dungeon, and saw 2 of its levels.

You collected 120 gold pieces.

Inventory:

Hand Weapons
 a - a +0 quarterstaff (weapon)
Missiles
 d - 3 throwing nets (quivered)
 e - a javelin
 h - 4 poisoned darts
 k - 4 datura-tipped darts
 m - 3 boomerangs
Armour
 b - a +0 leather armour (worn)
 c - a +0 helmet (worn)
Jewellery
 l - a ring of see invisible
Scrolls
 j - a scroll of enchant armour {unknown}
 n - a scroll of identify {unknown}
 o - a scroll of noise {unknown}
Potions
 f - a potion of attraction {unknown}
 g - 2 potions of heal wounds {unknown}
 i - a potion of berserk rage {unknown}
 p - a potion of curing {unknown}


   Skills:
 - Level 2.0 Fighting
 + Level 3.5 Staves
 - Level 1.7 Throwing
 - Level 2.6 Dodging


You had one spell level left.
You didn't know any spells.
Your spell library contained the following spells:

 Spells                   Type           Power      Damage    Failure   Level
 Gell's Gravitas          Tloc           0%         N/A       83%         3
 Teleport Other           Tloc           0%         N/A       83%         3
 Dispersal                Tloc           0%         N/A       100%        6


Dungeon Overview and Level Annotations

Branches:
Dungeon (2/15)

Altars:
Gozag

Annotations:
D:2 Jessica


Innate Abilities, Weirdness & Mutations

You have sharp fingernails.


Message History

No target in view!
No target in view!
No target in view!
No target in view!
No target in view!
No target in view!
You now have 105 gold pieces (gained 5).
You now have 120 gold pieces (gained 15).
Done exploring.
Done exploring.
Done exploring.
(D) Dungeon
Where to? (? - help)
What level of the Dungeon? (default 1, ? - help)
There is a stone staircase leading down here.
You climb downwards.
Found a pink potion.
There is a stone staircase leading up here.
p - a pink potion
Found a stone staircase leading up.
No target in view!
No target in view!
No target in view!
Jessica the Apprentice Sorceress comes into view.
She is wielding a +0 club.
Jessica is nearby!
Jessica shouts!
Jessica is nearby!
Jessica hits you with a +0 club.
There is a stone staircase leading up, spattered with blood here.
You closely miss Jessica.
Jessica casts a spell.
Jessica seems to speed up.
You barely miss Jessica. Jessica casts a spell at you.
Pain shoots through your body!
Ouch! That really hurt!
* * * LOW HITPOINT WARNING * * *
Jessica hits you with a +0 club.
You die...
Your body crumbles into a pile of gold.

#..#
#.#
#.#
#.##
..
#..#
.##
##.##
#..#
##.#
#.#
#.#
#@#
#@#
#.#
#.#
#.#
..#
..#
..#


You could see Jessica (fast).

Vanquished Creatures
  A dart slug (D:1)
  A ball python (D:1)
  An endoplasm (D:1)
  2 goblins (D:1)
  3 hobgoblins (D:1)
  A kobold (D:1)
  A bat (D:1)
  3 rats
13 creatures vanquished.

Notes
Turn   | Place    | Note
-------+----------+-------------------------------------------
     0 | D:1      | dolemite99 the Demonspawn Gladiator began the quest for the
                  | Orb.
     0 | D:1      | Reached XP level 1. HP: 16/16 MP: 1/1
   131 | D:1      | Reached skill level 3 in Staves
   200 | D:1      | Noticed a great orb of eyes
   203 | D:1      | Found a faded altar of an unknown god.
   205 | D:1      | Noticed a shining eye
   205 | D:1      | Noticed a shining eye
   205 | D:1      | Noticed an eye of devastation
   210 | D:1      | Prayed at the altar of an unknown god.
   210 | D:1      | Became a worshipper of Gozag Ym Sagoz the Greedy
   249 | D:1      | You fall into a shaft and drop 1 floor!
   269 | D:1      | Gained mutation: You have sharp fingernails. [demonic
                  | ancestry]
   269 | D:1      | Reached XP level 2. HP: 14/22 MP: 2/2
  1077 | D:2      | Noticed Jessica
  1083 | D:2      | Slain by Jessica

Illustrated notes

Levels and vault maps discovered:
D:1:      lightli_arrival_statue_moat, layout_loops_cross,
          hellmonk_ecumenical_altar_watching_god
D:2:      layout_rooms, uniq_jessica

Skill      XL: |  1 |
---------------+----+-----
Staves         | 3 |  3.5
Fighting       | |  2.0
Throwing       | |  1.7
Dodging        | |  2.6

Action                   || total
-------------------------++-------
Melee: Quarterstaff      ||    25
Armor: Leather armour    ||    13
Dodge: Dodged            ||    18

Table legend: (Time is in decaauts)
 A = Elapsed time spent in this place.
 B = Non-inter-level travel time spent in this place.
 C = Inter-level travel time spent in this place.
 D = Time resting spent in this place.
 E = Time spent auto-exploring this place.
 F = Levels seen in this place.
 G = Mean time per level.
                   A        B        C        D        E       F      G
               +--------+--------+--------+--------+--------+-----+--------+
         Total |   1087 |   1045 |     42 |    250 |    615 |   2 |  543.5 |
       Dungeon |   1087 |   1045 |     42 |    250 |    615 |   2 |  543.5 |
               +--------+--------+--------+--------+--------+-----+--------+

Top non-repeatable levels by time:
     D:1: 1045 daAuts
     D:2: 41 daAuts
